 Dungeon Crawl Stone Soup version 0.29-a0-994-gc5c9f59d18 (webtiles) character file.

Game seed: 10944332175639518333

17 vurker the Shooter (level 2, 25/25 HPs)
             Began as a Minotaur Hunter on Aug 3, 2022.
             Was a Follower of Nemelex Xobeh.
             Quit the game on level 1 of the Dungeon.
             The game lasted 00:00:37 (479 turns).

vurker the Shooter (Minotaur Hunter)                 Turns: 479, Time: 00:00:37

Health: 25/25      AC:  3    Str: 15    XL:     2   Next: 44%
Magic:  1/1        EV: 12    Int:  6    God:    Nemelex Xobeh [*.....]
Gold:   40         SH:  0    Dex: 13    Spells: 1/1 levels left

rFire   . . .      SeeInvis .   a - +0 shortbow
rCold   . . .      Faith    .   (shield currently unavailable)
rNeg    . . .      Spirit   .   c - +0 leather armour
rPois   .          Reflect  .   (helmet restricted)
rElec   .          Harm     .   (no cloak)
rCorr   .          Rampage  .   (no gloves)
Will    .....                   (no boots)
Stlth   +.........              (no amulet)
HPRegen 0.08/turn               (no ring)
MPRegen 0.07/turn               (no ring)

@: no status effects
A: horns 2, retaliatory headbutt
a: Renounce Religion, Draw Escape, Draw Destruction, Draw Summoning


You were on level 1 of the Dungeon.
You worshipped Nemelex Xobeh.
Nemelex Xobeh was aware of your devotion.
You visited 1 branch of the dungeon, and saw 1 of its levels.

You collected 40 gold pieces.

Inventory:

Hand Weapons
 a - a +0 shortbow (weapon)
Armour
 c - a +0 leather armour (worn)
Scrolls
 b - a scroll of immolation
 d - a scroll of blinking {unknown}
Potions
 e - a potion of might {unknown}


   Skills:
 + Level 2.9 Fighting
 * Level 4.9 Ranged Weapons
 - Level 2.1 Dodging
 - Level 0.7 Stealth


You had one spell level left.
You didn't know any spells.
Your spell library contained the following spells:

 Spells                   Type           Power      Damage    Failure   Level
 Stone Arrow              Conj/Erth      0%         3d7       88%         3
 Animate Armour           Summ/Erth      0%         N/A       99%         4
 Lehudib's Crystal Spear  Conj/Erth      0%         10d2      100%        8


Dungeon Overview and Level Annotations

Branches:
Dungeon (1/15)

Altars:
Nemelex Xobeh


Innate Abilities, Weirdness & Mutations

You have a pair of horns on your head.
You reflexively headbutt those who attack you in melee.


Message History

No target in view!
There is an open door here.
Found 14 gold pieces.
No target in view!
Key pressed, stopping explore.
No target in view!
A bat comes into view.
You shoot an arrow. The arrow misses the bat.
The bat hits you but does no damage.
A bat is nearby!
You shoot an arrow. The arrow hits the bat.
You kill the bat!
You now have 27 gold pieces (gained 14).
No target in view!
Found 13 gold pieces and a sapphire potion.
No target in view!
You now have 40 gold pieces (gained 13).
No target in view!
e - a sapphire potion Key pressed, stopping explore.
No target in view!
A quokka comes into view.
You shoot an arrow. The arrow hits the quokka.
A quokka is nearby!
You shoot an arrow. The arrow hits the quokka.
You kill the quokka!
A sourceless malevolence fills the Dungeon... and a teleportation trap spontaneously manifests!
You are yanked towards a nearby monster!
Your surroundings suddenly seem different.
A rat comes into view.
Found a faded altar of an unknown god.
A rat is nearby!
You shoot an arrow. The arrow hits the rat.
The rat closely misses you.
A rat is nearby!
You shoot an arrow. The arrow hits the rat.
You kill the rat!
You open the door.
Found a scroll labelled FASKOFA OXEY.
There is an open door here.
No target in view!
You enter the shallow water.
Moving in this stuff is going to be slow.
Found a leather armour.
There is a faded altar of an unknown god here.
You cannot tell which god this altar belongs to.
Convert to them anyway?
Nemelex Xobeh accepts your prayer! Nemelex Xobeh welcomes you!
You can now draw from decks of power.
Nemelex will now gift you decks of power as you gain piety.
Okay, then.

## #+# ## #.. .~. ..#
#..##~##..#
#[...~....#
#....~?...#
#.###@###.#
#....~....# ##
#....~....# ..
#..##~##..########....
#....~....#...........
#####'######.########.
#..######..........
...........##.....#.
#.########..##.....#.


There were no monsters in sight!

Vanquished Creatures
  2 bats (D:1)
  An endoplasm (D:1)
  2 giant cockroaches (D:1)
  A hobgoblin (D:1)
  3 quokkas (D:1)
  A frilled lizard (D:1)
  3 kobolds (D:1)
  3 rats (D:1)
16 creatures vanquished.

Notes
Turn   | Place    | Note
-------+----------+-------------------------------------------
     0 | D:1      | vurker the Minotaur Hunter began the quest for the Orb.
     0 | D:1      | Reached XP level 1. HP: 18/18 MP: 0/0
   263 | D:1      | Reached XP level 2. HP: 25/25 MP: 1/1
   465 | D:1      | Found a faded altar of an unknown god.
   478 | D:1      | Prayed at the altar of an unknown god.
   478 | D:1      | Became a worshipper of Nemelex Xobeh the Trickster
   478 | D:1      | Reached * piety under Nemelex Xobeh
   479 | D:1      | Quit the game

Illustrated notes

Levels and vault maps discovered:
D:1:      minmay_arrival_up_and_down, layout_basic,
          shapermc_ecumenical_altar_notcrosses, st_stairs_3

Action                   || total
-------------------------++-------
 Fire: Shortbow          ||    36
Armor: Leather armour    ||     3
Dodge: Dodged            ||     9

Table legend: (Time is in decaauts)
 A = Elapsed time spent in this place.
 B = Non-inter-level travel time spent in this place.
 C = Inter-level travel time spent in this place.
 D = Time resting spent in this place.
 E = Time spent auto-exploring this place.
 F = Levels seen in this place.
 G = Mean time per level.
                   A        B        C        D        E       F      G
               +--------+--------+--------+--------+--------+-----+--------+
         Total |    491 |    491 |      0 |      0 |    409 |   1 |  491.0 |
       Dungeon |    491 |    491 |      0 |      0 |    409 |   1 |  491.0 |
               +--------+--------+--------+--------+--------+-----+--------+

Top non-repeatable levels by time:
     D:1: 491 daAuts
